 Dungeon Crawl Stone Soup version 0.30-a0-799-g109b55a442 (webtiles) character file.

Game seed: 4541685129742187204

16926 Smoke131 the Cleaver (level 12, -8/110 HPs)
             Began as a Hill Orc Fighter on Feb 20, 2023.
             Was a Believer of Okawaru.
             Mangled by a minotaur
             ... wielding a staff of poison
              (9 damage)
             ... in a Gauntlet.
             The game lasted 00:39:28 (15665 turns).

Smoke131 the Cleaver (Hill Orc Fighter)            Turns: 15665, Time: 00:39:29

Health: -8/110     AC: 27    Str: 24    XL:     12   Next: 42%
Magic:  18/19      EV:  8    Int:  8    God:    Okawaru [**....]
Gold:   1871       SH: 12    Dex:  8    Spells: 11/11 levels left

rFire   + + .      SeeInvis +    M - +5 war axe of the Lame Duck {spect, rN+++ Will+++ Dex-2 SInv}
rCold   + + .      Faith    .    E - +0 kite shield {rC+}
rNeg    + + +      Spirit   .    u - +1 plate armour {rF+}
rPois   .          Reflect  .    l - +0 helmet
rElec   .          Harm     .    R - +2 cloak {Stlth+}
rCorr   .          Rampage  .    o - +0 pair of gloves
Will    +++..      NoTele   +    i - +0 pair of boots Stlth
                                 (no amulet)
HPRegen 0.38/turn                f - ring of protection from cold
MPRegen 0.16/turn                S - ring "Xyrell" {Fly rF+ SInv}

@: lethally poisoned (-8 -> -11), heroic, flying
A: no striking features
a: Renounce Religion, Heroism


You were in a Gauntlet.
You worshipped Okawaru.
Okawaru was pleased with you.
You visited 3 branches of the dungeon, and saw 13 of its levels.
You also visited: Bailey and Gauntlet.

You collected 1871 gold pieces.

Inventory:

Hand Weapons
 a - a +1 war axe of electrocution
 A - the +8 frozen axe "Frostbite" {freeze, freezing cloud, *Noise Fly rC+}
   (You found it on level 7 of the Dungeon)

   rC:        It protects you from cold.
   Fly:       It grants you flight.
   *Noise:    It may make noises in combat.
 M - the +5 war axe of the Lame Duck (weapon) {spect, rN+++ Will+++ Dex-2 SInv}
   (You took it off a spriggan in a bailey)

   Dex:       It affects your dexterity (-2).
   rN:        It renders you almost immune to negative energy.
   SInv:      It lets you see invisible.
   Will:      It greatly increases your willpower.
Missiles
 c - a throwing net (quivered)
Armour
 i - a +0 pair of boots (worn)
 l - a +0 helmet (worn)
 o - a +0 pair of gloves (worn)
 u - a +1 plate armour of fire resistance (worn)
 y - +0 acid dragon scales
 E - a +0 kite shield of cold resistance (worn)
 R - a +2 cloak of stealth (worn)
 T - a +2 hat
Jewellery
 f - a ring of protection from cold (left hand)
 h - an amulet of faith
 x - a ring of wizardry
 S - the ring "Xyrell" (right hand) {Fly rF+ SInv}
   (You found it in a Gauntlet)

   [ring of see invisible]

   rF:        It protects you from fire.
   SInv:      It lets you see invisible.
   Fly:       It grants you flight.
Wands
 k - a wand of paralysis (9)
 B - a wand of roots (13)
 C - a wand of flame (24)
 J - a wand of mindburst (16)
 K - a wand of polymorph (4)
 Q - a wand of digging (4)
Scrolls
 b - 3 scrolls of vulnerability
 e - 4 scrolls of identify
 g - a scroll of fear
 j - a scroll of magic mapping
 s - 6 scrolls of teleportation
 v - a scroll of blinking
 F - a scroll of poison
 L - 3 scrolls of fog
 N - a scroll of enchant weapon
Potions
 d - a potion of brilliance
 m - a potion of resistance
 n - 3 potions of degeneration
 p - 4 potions of curing
 r - a potion of magic
 t - 3 potions of invisibility
 w - 2 potions of lignification
 z - 2 potions of attraction
 D - a potion of cancellation
 H - 2 potions of ambrosia
 I - a potion of flight
 P - a potion of mutation


   Skills:
 + Level 11.4(16.4) Fighting
 + Level 11.7(16.7) Axes
 + Level 11.2(16.2) Armour
 + Level 11.2(16.2) Shields
 - Level 10.0 Invocations


You had 11 spell levels left.
You didn't know any spells.
Your spell library contained the following spells:

 Spells                   Type           Power      Damage    Failure   Level
 Apportation              Tloc           0%         N/A       99%         1
 Blink                    Tloc           0%         N/A       100%        2
 Lesser Beckoning         Tloc           0%         N/A       100%        2
 Momentum Strike          Conj/Tloc      0%         3d8       100%        2
 Inner Flame              Hex/Fire       0%         N/A       100%        3
 Flame Wave               Conj/Fire      0%         2d4       100%        4
 Sticky Flame             Conj/Fire      0%         2d3       100%        4
 Alistair's Intoxication  Tmut/Pois      0%         N/A       100%        5


Dungeon Overview and Level Annotations

Branches:
Dungeon (11/15)            Temple (1/1) D:7            Lair (1/5) D:9
    Orc (0/2) D:11         Bailey (visited)         Gauntlet (1/1)

Altars:
Ashenzari
Cheibriados
Dithmenos
Elyvilon
Fedhas
Gozag
Hepliaklqana
Kikubaaqudgha
Makhleb
Nemelex Xobeh
Okawaru
Qazlal
Ru
Sif Muna
Trog
Uskayaw
Vehumet
Wu Jian
Xom
Yredelemnul
Zin
The Shining One

Annotations:
D:9 3 runed translucent doors Gauntlet 6 transporters


Message History

The minotaur is lightly wounded.
You feel sick.
You are no longer poisoned.
You block the minotaur's attack.
The minotaur gores you but does no damage.
You completely miss the minotaur.
The minotaur is lightly wounded.
The minotaur closely misses you.
The minotaur gores you but does no damage.
You barely miss the minotaur.
The minotaur is lightly wounded.
You block the minotaur's attack.
The minotaur gores you but does no damage.
You barely miss the minotaur.
The minotaur is lightly wounded.
You barely miss the minotaur.
The minotaur is lightly wounded.
The minotaur hits you but does no damage.
The minotaur envenoms you!
You are poisoned.
You block the minotaur's attack.
You barely miss the minotaur.
The minotaur furiously retaliates!
The minotaur headbutts you, but does no damage.
The minotaur is lightly wounded.
You feel sick.
The minotaur hits you with a staff of poison!!
The minotaur envenoms you!
* * * LOW HITPOINT WARNING * * *
You are more poisoned.
The minotaur gores you but does no damage.
You slice the minotaur!!
The minotaur is moderately wounded.
You feel sick.
The minotaur hits you with a staff of poison!!
* * * LOW HITPOINT WARNING * * *
The minotaur envenoms you!
* * * LOW HITPOINT WARNING * * *
You are more poisoned.
The minotaur gores you!
You die...

#####≈..#.^.
######..###..#)..
#...##..##≈..#©..
#.#.##..###..#[## #
#.#.....##≈..##.. ##'
#.#.##..###..#bb^ #.⌠.
#...##....#..#hh.
#...∩##.#.##...©#..####
+⌠...H@.#.......#......
#..⌠.##.#.##....#.∩....
###+ #...##...©#..####
#.#.##....#..#..#
#.#.....###..#.)#
#.#.##..##≈..###'
#...##..###..#w.'
######..##≈..###' ###
##..#...


You could see a minotaur.

Vanquished Creatures
  A hydra (Gauntlet)
  2 two-headed ogres
  Pikel (D:3)
  A necromancer (Gauntlet)
  An ugly thing (D:11)
  2 manticores
  A moth of wrath (Gauntlet)
  A cane toad (Lair:1)
  An unseen horror (D:9)
  A freezing wraith (D:7)
  A kobold demonologist (D:6)
  An ice devil (D:7)
  2 komodo dragons
  2 trolls
  2 hornets
  The ghost of Farfigtubin the Sneak, an amateur KoBr (D:5)
  4 spriggans (Bailey)
  A wyvern (D:9)
  7 yaks
  A steam dragon (Bailey)
  Grum (D:6)
  2 acid dragons
  4 water moccasins
  3 black bears
  A sky beast (D:8)
  2 orc warriors
  17 ogres
  13 wolves
  2 centaurs
  A phantom (D:4)
  4 kobold brigands
  A necrophage (D:5)
  6 bullfrogs
  9 gnoll sergeants
  4 scorpions
  7 wights
  10 howler monkeys
  2 quasits (D:7)
  15 hounds
  A jelly (D:6)
  4 orc priests
  4 gnoll boudas
  5 iguanas
  15 orc wizards
  32 gnolls
  8 adders
  A shadow imp (D:5)
  7 white imps
  4 ufetubi
  3 worms
  4 dart slugs
  63 orcs
  9 ball pythons
  10 bats
  9 endoplasms
  4 giant cockroaches
  5 goblins
  3 hobgoblins
  8 jackals
  12 kobolds
  5 quokkas
  A frilled lizard (D:2)
  5 rats
360 creatures vanquished.

Vanquished Creatures (others)
  4 demonic plants (D:7)
  A fungus (D:6)
  21 plants
26 creatures vanquished.

Grand Total: 386 creatures vanquished

Notes
Turn   | Place    | Note
-------+----------+-------------------------------------------
     0 | D:1      | Smoke131 the Hill Orc Fighter began the quest for the Orb.
     0 | D:1      | Reached XP level 1. HP: 19/19 MP: 1/1
   202 | D:1      | Reached XP level 2. HP: 26/27 MP: 2/2
   557 | D:1      | Reached XP level 3. HP: 33/33 MP: 3/3
   684 | D:1      | Found a faded altar of an unknown god.
  1099 | D:2      | Reached XP level 4. HP: 40/40 MP: 4/4
  1311 | D:2      | Found a snail-covered altar of Cheibriados.
  1807 | D:3      | Found a hazy altar of Hepliaklqana.
  2434 | D:3      | Reached XP level 5. HP: 47/47 MP: 5/5
  3020 | D:4      | Noticed Pikel
  3020 | D:4      | Noticed a lemure
  3020 | D:4      | Noticed a lemure
  3020 | D:4      | Noticed a lemure
  3021 | D:4      | Noticed a lemure
  3037 | D:3      | Killed Pikel
  3038 | D:3      | Reached skill level 5 in Fighting
  3038 | D:3      | Reached skill level 5 in Axes
  3038 | D:3      | Reached skill level 5 in Armour
  3038 | D:3      | Reached skill level 5 in Shields
  3038 | D:3      | Reached XP level 6. HP: 21/57 MP: 6/6
  3038 | D:3      | Reached XP level 7. HP: 23/62 MP: 7/7
  3727 | D:4      | Reached XP level 8. HP: 70/70 MP: 8/8
  3859 | D:4      | Found a sparkling altar of Nemelex Xobeh.
  4200 | D:5      | Entered Level 5 of the Dungeon
  4479 | D:5      | Found a runed translucent door.
  4479 | D:5      | Noticed Farfigtubin's ghost (amateur KoBr)
  4752 | D:5      | Found an ornate altar of the Wu Jian Council.
  5261 | D:5      | Killed Farfigtubin's ghost
  5271 | D:5      | Identified a scroll of acquirement
  5271 | D:5      | Acquired 1238 gold pieces
  5359 | D:6      | Reached XP level 9. HP: 73/79 MP: 9/9
  5455 | D:6      | Found a sacrificial altar of Ru.
  5889 | D:6      | Found an ancient bone altar of Kikubaaqudgha.
  7086 | D:6      | Reached XP level 10. HP: 69/91 MP: 10/10
  7737 | D:6      | Reached skill level 10 in Axes
  7952 | D:6      | Noticed Grum
  7959 | D:6      | Killed Grum
  8003 | D:6      | Found a radiant altar of Vehumet.
  8191 | D:6      | Reached skill level 10 in Fighting
  8316 | D:6      | Noticed a kobold demonologist
  8320 | D:6      | Noticed a smoke demon
  8325 | D:6      | Noticed a sun demon
  8713 | D:6      | Killed a kobold demonologist
  9050 | D:7      | Found a staircase to the Ecumenical Temple.
  9067 | Temple   | Entered the Ecumenical Temple
  9562 | D:7      | Reached skill level 10 in Armour
  9725 | D:7      | Reached skill level 10 in Shields
  9753 | D:7      | Reached skill level 1 in Invocations
 10100 | D:7      | Reached XP level 11. HP: 37/99 MP: 11/13
 10107 | D:7      | Reached skill level 5 in Invocations
 10283 | D:7      | Found the +8 frozen axe "Frostbite" {freeze, freezing
                  | cloud, *Noise Fly rC+}
 11606 | D:9      | Noticed a manticore
 11636 | D:9      | Killed a manticore
 11758 | D:9      | Found a stormy altar of Qazlal.
 11789 | D:9      | Found a flagged portal.
 11800 | Bailey   | Entered a bailey
 11848 | Bailey   | Noticed a two-headed ogre
 11866 | Bailey   | Killed a two-headed ogre
 12027 | Bailey   | Identified the +5 war axe of the Lame Duck {spect, rN+++
                  | Will+++ Dex-2 SInv}
 12220 | D:9      | Identified the +3 spear "Gram" {venom, Will- rCorr Dex+2}
 12256 | D:9      | Identified the +8 whip of Infection {flame, Str+3}
 12306 | D:9      | Reached skill level 10 in Invocations
 12473 | D:9      | Found a runed translucent gate.
 12473 | D:9      | Found a runed translucent gate.
 12473 | D:9      | Found a runed translucent gate.
 12473 | D:9      | Noticed a green ugly thing
 12473 | D:9      | Noticed a glowing orange brain
 12474 | D:9      | Noticed a white ugly thing
 12474 | D:9      | Noticed a purple ugly thing
 12474 | D:9      | Noticed a white ugly thing
 12533 | D:9      | Found a staircase to the Lair.
 12997 | D:10     | Entered Level 10 of the Dungeon
 13146 | D:10     | Found an iron altar of Okawaru.
 13156 | D:10     | Became a worshipper of Warmaster Okawaru
 13723 | D:11     | Noticed a two-headed ogre
 13736 | D:11     | Noticed a cyan ugly thing
 13738 | D:11     | Killed a two-headed ogre
 13739 | D:11     | Reached XP level 12. HP: 61/108 MP: 19/19
 13964 | D:11     | Reached * piety under Okawaru
 14191 | D:11     | Found a staircase to the Orcish Mines.
 14909 | Lair:1   | Entered Level 1 of the Lair of Beasts
 15018 | Lair:1   | Found a gate leading to a gauntlet.
 15026 | Gauntlet | Entered a Gauntlet
 15026 | Gauntlet | Found a transporter.
 15026 | Gauntlet | Found a transporter.
 15026 | Gauntlet | Found a transporter.
 15069 | Gauntlet | Found a transporter.
 15072 | Gauntlet | Found a transporter.
 15083 | Gauntlet | Found a transporter.
 15083 | Gauntlet | Found a transporter.
 15089 | Gauntlet | Found a runed translucent gate.
 15089 | Gauntlet | Found a runed translucent gate.
 15089 | Gauntlet | Found a runed translucent gate.
 15089 | Gauntlet | Noticed an eight-headed hydra
 15091 | Gauntlet | Found a transporter.
 15106 | Gauntlet | Noticed a hell hog
 15109 | Gauntlet | Found a transporter.
 15110 | Gauntlet | Found the +11 plutonium sword {Contam Stlth-}
 15129 | Gauntlet | Found a transporter.
 15131 | Gauntlet | Found a transporter.
 15142 | Gauntlet | Found a transporter.
 15486 | Gauntlet | Reached ** piety under Okawaru
 15506 | Gauntlet | Identified the ring "Xyrell" {Fly rF+ SInv}
 15603 | Gauntlet | Killed an 18-headed hydra
 15653 | Gauntlet | Noticed a minotaur
 15665 | Gauntlet | HP: 1/110 [minotaur/staff of poison (7)]
 15665 | Gauntlet | Mangled by a minotaur

Illustrated notes

Levels and vault maps discovered:
D:1:      evilmike_arrival_crescent, layout_loops_corners,
          basic_ecumenical_altar, dk_noncrumbling_4
D:2:      layout_basic, basic_altar, item_on_display_a
D:3:      layout_loops_corners, mainiacjoe_overflow_catwalk,
          grunt_decor_fettered, kennysheep_cross_bottleneck,
          kennysheep_generic_room_3
D:4:      layout_cave_pools, mainiacjoe_overflow_concentric_impassable,
          serial_forest, infiniplex_forest_clump_small,
          infiniplex_forest_clump_double, infiniplex_forest_end_3,
          infiniplex_forest_corner_2, infiniplex_forest_join,
          infiniplex_forest_end_double, infiniplex_forest_straight_4, uniq_pikel
D:5:      layout_gridville, mainiacjoe_overflow_six_doors_small,
          hellmonk_ghost_happy_afterlife
D:6:      lemuel_castle_with_subvaults [lemuel_castle_interior_carwin_1],
          layout_cave_pools, lemuel_round_altar,
          nicolae_kikubaaqudgha_miasma_corner, vehumet_altar_wand_db,
          serial_gnoll_camp, gnoll_camp_mini_house, gnoll_camp_mini_basic,
          grums_kennel, gnoll_camp_mini_hut, gnoll_camp_huts_basic
D:7:      layout_loops_corners, minmay_temple_entry_junction_2, serial_demonic,
          serial_demonic_f, serial_demonic_c, serial_demonic_b,
          serial_demonic_b, serial_demonic_f, serial_demonic_b,
          hellmonk_guarded_unrand_frostbite
D:8:      layout_basic, grunt_ministairs_12
D:9:      layout_basic, lemuel_doored_altar, david_lair_shrubbed,
          enter_bailey_2, ploomutoo_gammafunk_ghost_potion_laboratory
D:10:     layout_irregular_city, okawaru_metal_pillars_1_2
D:11:     layout_loops_ring, hiddenorc2_lemuel
Temple:   minmay_temple_curvy_branch
Lair:1:   layout_chaotic_city, gauntlet_entry_generic,
          nicolae_lair_run_with_the_wolves, uniq_erica
Gauntlet: minmay_gauntlet_mixed_big_or_small [gammafunk_gauntlet_arena_grid,
          minmay_gauntlet_arena_77_braids, gammafunk_gauntlet_arena_corners,
          minmay_gauntlet_arena_77_chump_sandwich, nicolae_gauntlet_swirl,
          minmay_gauntlet_arena_77_run_for_it, gauntlet_exit_hidden_loot]

Skill      XL: |  1  2  3  4  5  6  7  8  9 10 11 12 |
---------------+-------------------------------------+-----
Axes           | 3 4 5 6 7 9 10 11 | 11.7
Fighting       | 4 5 6 7 9 10 11 | 11.4
Armour         | 4 5 6 8 10 11 | 11.2
Shields        | 4 5 6 8 10 11 | 11.2
Invocations    | 3 10 | 10.0

Action                     |  1- 3 |  4- 6 |  7- 9 | 10-12 || total
---------------------------+-------+-------+-------+-------++-------
  Melee: War axe           |   105 |   107 |   329 |   651 ||  1192
 Invoke: Heroism           |       |       |       |     3 ||     3
  Evoke: Wand              |       |       |       |    21 ||    21
    Use: Potion            |       |     1 |     1 |     8 ||    10
         Scroll            |       |       |    19 |    15 ||    34
   Stab: Distracted        |       |       |       |     3 ||     3
 Armour: Scale mail        |    71 |    14 |       |       ||    85
         Plate armour      |       |    69 |   259 |   445 ||   773
  Dodge: Dodged            |    70 |    44 |   110 |   185 ||   409
  Block: Buckler           |    28 |    31 |   107 |    14 ||   180
         Kite shield       |       |       |       |   385 ||   385

Table legend: (Time is in decaauts)
 A = Elapsed time spent in this place.
 B = Non-inter-level travel time spent in this place.
 C = Inter-level travel time spent in this place.
 D = Time resting spent in this place.
 E = Time spent auto-exploring this place.
 F = Levels seen in this place.
 G = Mean time per level.
                   A        B        C        D        E       F      G
               +--------+--------+--------+--------+--------+-----+--------+
         Total |  15925 |  15348 |    577 |   3507 |   7726 |  15 | 1061.7 |
       Dungeon |  14349 |  13772 |    577 |   2943 |   7317 |  11 | 1304.5 |
        Temple |    372 |    372 |      0 |    117 |    246 |   1 |  372.0 |
          Lair |    117 |    117 |      0 |      0 |      0 |   1 |  117.0 |
        Bailey |    434 |    434 |      0 |    214 |      5 |   1 |  434.0 |
      Gauntlet |    652 |    652 |      0 |    233 |    158 |   1 |  652.0 |
               +--------+--------+--------+--------+--------+-----+--------+

Top non-repeatable levels by time:
     D:5: 2409 daAuts
     D:6: 2246 daAuts
     D:3: 1455 daAuts
     D:7: 1388 daAuts
    D:11: 1061 daAuts
     D:4: 1053 daAuts
     D:9: 1050 daAuts
     D:1: 975 daAuts
     D:2: 964 daAuts
     D:8: 906 daAuts
    D:10: 837 daAuts
Gauntlet: 652 daAuts
  Bailey: 434 daAuts
  Temple: 372 daAuts
  Lair:1: 117 daAuts
